 Dungeon Crawl Stone Soup version 0.20.0-15-g7f486f2 (webtiles) character file.

23 mike2R the Conjurer (level 2, 0/20 HPs)
             Began as a Demigod Conjurer on June 17, 2017.
             Slain by a leopard gecko (1 damage)
             ... on level 1 of the Dungeon.
             The game lasted 00:05:49 (1234 turns).

mike2R the Conjurer (Demigod Conjurer)              Turns: 1234, Time: 00:05:49

Health: 0/20       AC:  2    Str: 11    XL:     2   Next: 57%
Magic:  1/7        EV: 12    Int: 19    God:
Gold:   1          SH:  0    Dex: 16    Spells: 1/4 levels left

rFire    . . .     SeeInvis .   a - +0 whip
rCold    . . .     Gourm    .   (no shield)
rNeg     . . .     Faith    .   f - +0 robe
rPois    .         Spirit   .   (no helmet)
rElec    .         Reflect  .   (no cloak)
rCorr    .         Harm     .   (no gloves)
MR       .....                  (no boots)
Stlth    ++........             (no amulet)
Regen    0.1/turn               (no ring)
MPRegen  0.1/turn               (no ring)

@: no status effects
A: high mp 1
a: no special abilities


You were on level 1 of the Dungeon.
You were hungry.

You visited 1 branch of the dungeon, and saw 2 of its levels.

You collected 1 gold pieces.

Inventory:

Hand Weapons
 a - a +0 whip (weapon)
Missiles
 e - 29 stones (quivered)
Armour
 f - a +0 robe (worn)
 h - a +0 buckler
Scrolls
 g - a scroll of fear {unknown}
 i - a scroll of immolation {unknown}
Potions
 j - a potion of haste {unknown}
 k - a potion of heal wounds {unknown}
Books
 b - a book of Conjurations

   Spells                             Type                      Level
   a - Magic Dart                     Conjuration                  1
   b - Searing Ray                    Conjuration                  2
   c - Dazzling Spray                 Conjuration/Hexes            3
   d - Fulminant Prism                Conjuration/Hexes            4
   e - Force Lance                    Conjuration/Translocation    4
   f - Iskenderun's Mystic Blast      Conjuration                  4
Comestibles
 c - a bread ration


   Skills:
 - Level 1.8 Dodging
 - Level 1.7 Stealth
 - Level 1.7 Spellcasting
 + Level 4.3 Conjurations


You had one spell level left.
You knew the following spells:

 Your Spells              Type           Power        Failure   Level  Hunger
a - Magic Dart            Conj           ###.         2%          1    #......
b - Searing Ray           Conj           ###...       4%          2    ###....


Dungeon Overview and Level Annotations

Branches:
Dungeon (2/15)


Innate Abilities, Weirdness & Mutations

You have an increased reservoir of magic. (+10% MP)


Message History

The leopard gecko misses you. The leopard gecko closely misses you.
You hit the leopard gecko but do no damage.
The leopard gecko is heavily wounded.
The leopard gecko bites you.
* * * LOW HITPOINT WARNING * * *
You closely miss the leopard gecko.
The leopard gecko is heavily wounded.
The leopard gecko barely misses you.
You completely miss the leopard gecko.
The leopard gecko is heavily wounded.
The leopard gecko barely misses you. The leopard gecko bites you.
* * * LOW HITPOINT WARNING * * *
You barely miss the leopard gecko.
The leopard gecko is heavily wounded.
The leopard gecko bites you.
* * * LOW HITPOINT WARNING * * *
You miss the leopard gecko.
The leopard gecko is heavily wounded.
The leopard gecko bites you.
You die...

## #..#.#.#.#...#### #.##### ##
##.........#.# #.....# .#
#.#.#.#.#.#.# #####.# .#
#.........#.# #.# .#
#.#.#.#.#.#.# #.# .#
#.........#.#### #.# .#
###............# #.# .#
####.###....##.# #.# .#
#.........l@##.# #.# ##
##.#####....†##.# ########.# #
##.#.##..........####.÷......#
####.###.#..........†....########
....## ##...........######
####.###.###........#
......#....(....#####
######.######...# ### #####


You could see a leopard gecko.

Vanquished Creatures
  2 bats (D:1)
  A giant cockroach (D:1)
  4 goblins (D:1)
  3 hobgoblins
  3 jackals (D:1)
  2 kobolds (D:1)
  A ball python (D:2)
  A frilled lizard (D:2)
  4 rats (D:1)
21 creatures vanquished.

Notes
Turn   | Place    | Note
-------+----------+-------------------------------------------
     0 | D:1      | mike2R the Demigod Conjurer began the quest for the Orb.
     0 | D:1      | Reached XP level 1. HP: 14/14 MP: 5/5
   375 | D:1      | Reached skill level 4 in Conjurations
   405 | D:1      | Reached XP level 2. HP: 1/20 MP: 0/7
   409 | D:1      | Learned a level 2 spell: Searing Ray
  1233 | D:1      | HP: 1/20 [leopard gecko (1)]
  1234 | D:1      | Slain by a leopard gecko

Skill      XL: |  1 |
---------------+----+-----
Conjurations   | 4 |  4.3
Dodging        | |  1.8
Stealth        | |  1.7
Spellcasting   | |  1.7

Action                   || total
-------------------------++-------
Melee: Whip              ||    18
 Cast: Magic Dart        ||    44
  Eat: Chunk             ||     1
Armor: Robe              ||     4
Dodge: Dodged            ||    19
